 Dungeon Crawl Stone Soup version 0.18.1-47-g9310371 (webtiles) character file.

511 Gargoyl the Skirmisher (level 6, -2/49 HPs)
             Began as a Demonspawn Abyssal Knight on June 16, 2016.
             Was a Believer of Lugonu.
             Slain by a troll (10 damage)
             ... on level 5 of the Dungeon.
             The game lasted 00:08:44 (3746 turns).

Gargoyl the Skirmisher (Demonspawn Abyssal Knight)  Turns: 3746, Time: 00:08:44

Health: -2/49      AC: 17    Str: 14    XL:     6   Next: 99%
Magic:  8/8        EV:  4    Int: 14    God:    Lugonu [**....]
Gold:   334        SH:  0    Dex: 12    Spells: 0 memorised, 5 levels left

rFire  . . .     SeeInvis .     a - +1 hand axe
rCold  . . .     Gourm    .     p - +1 plate armour
rNeg   . . .     Faith    .     (no shield)
rPois  .         Spirit   .     (no helmet)
rElec  .         Dismiss  .     (no cloak)
rCorr  .         Reflect  .     (no gloves)
SustAt .         Harm     .     D - +2 pair of boots
MR     +....                    w - amulet of regeneration
Stlth  ..........               (no ring)
                                g - ring of protection from magic

@: drained, somewhat resistant to hostile enchantments, extremely unstealthy
A: slimy green scales 1, demonic guardian 1, spiny 1
a: Depart the Abyss, Bend Space, Renounce Religion


You were on level 5 of the Dungeon.
You worshipped Lugonu.
Lugonu was pleased with you.
You were not hungry.

You visited 1 branch of the dungeon, and saw 5 of its levels.
You visited the Abyss 1 time.

You collected 334 gold pieces.

Inventory:

Hand Weapons
 a - a +1 hand axe (weapon)
 e - a +1 falchion of flaming
 k - a cursed -1 spear
Missiles
 C - 3 tomahawks (quivered)
Armour
 p - a +1 plate armour (worn)
 D - a +2 pair of boots (worn)
Jewellery
 g - a ring of protection from magic (left hand)
 m - an uncursed ring of wizardry {unknown}
 o - a +4 amulet of reflection
 w - an amulet of regeneration (around neck)
Scrolls
 b - a scroll of enchant armour
 h - 6 scrolls of identify
 i - a scroll of enchant weapon
 s - a scroll of teleportation
Potions
 f - 2 potions of resistance {unknown}
 j - 2 potions of flight {unknown}
 l - 2 potions of degeneration {unknown}
 r - a potion of might {unknown}
 t - a potion of agility {unknown}
 u - a potion of heal wounds {unknown}
 v - 3 potions of lignification {unknown}
 x - a potion of brilliance {unknown}
 A - 2 potions of curing {unknown}
 B - a potion of haste {unknown}
 E - a potion of ambrosia {unknown}
Books
 d - a book of the Earth

   Spells                             Type                      Level
   a - Leda's Liquefaction            Hexes/Earth                  4
   b - Bolt of Magma                  Conjuration/Fire/Earth       5
   c - Statue Form                    Transmutation/Earth          6
   d - Iron Shot                      Conjuration/Earth            6
   e - Shatter                        Earth                        9
 y - a book of Annihilations

   Spells                             Type                      Level
   a - Poison Arrow                   Conjuration/Poison           6
   b - Chain Lightning                Conjuration/Air              8
   c - Lehudib's Crystal Spear        Conjuration/Earth            8
   d - Glaciate                       Conjuration/Ice              9
   e - Fire Storm                     Conjuration/Fire             9
Comestibles
 c - 2 bread rations
 n - a meat ration


   Skills:
 + Level 4.5(3.7) Fighting
 + Level 3.1(2.3) Axes
 * Level 4.2(3.4) Armour
 + Level 3.1(2.4) Dodging
 + Level 1.1(0.3) Stealth
 + Level 2.8(2.1) Invocations


You had 5 spell levels left.
You didn't know any spells.

Dungeon Overview and Level Annotations

Branches:
Dungeon (5/15)             Temple (0/1) D:4

Altars:
Elyvilon
Makhleb
Nemelex Xobeh
Okawaru
Pakellas
Ru
Vehumet
The Shining One


Innate Abilities, Weirdness & Mutations

You are partially covered in slimy green scales (AC +2).
A weak demonic guardian rushes to your aid.
You are partially covered in sharp spines.


Message History

The troll claws you! The troll barely misses you.
A hound comes into view.
Unknown command.
You barely miss the troll.
The troll is lightly wounded.
Your iron imp hits the troll!
The troll barely misses you. The troll claws you but does no damage.
The troll barely misses you.
Unknown command.
You hit the troll.
The troll is heavily wounded.
Your iron imp closely misses the troll.
The troll bites you. The troll claws you.
The troll claws you but does no damage.
Unknown command.
You hit the troll.
The troll is heavily wounded.
The troll is struck by your spines. The troll bites you but does no damage.
The troll claws you!
* * * LOW HITPOINT WARNING * * *
The troll claws you!
You die...

#..# #..# ....#######..#
#.## .............# ##.#
.............### #..#
...............#####..##
....h............##.....
.............##......###
.............#####..##
......T@....## #..##
......5.....# ##..#
............# #..##
##.........## #...##
#..........## ##.....
.#...#.##...# ##..##..
#..#.# ##..# ##...#...
..#.# #..####...#...#
..## ##..##...#....#


You could see a troll, a hound and a friendly iron imp.

Vanquished Creatures
  2 phantoms (D:4)
  A scorpion (D:5)
  2 orc wizards (D:3)
  An orc priest (D:3)
  A hound (D:4)
  Ijyb (D:2)
  3 gnolls (D:2)
  7 adders
  A giant gecko (D:4)
  7 orcs
  5 goblins
  11 hobgoblins
  4 jackals (D:3)
  A quokka (D:4)
  A ball python (D:3)
  12 bats
  A giant gecko skeleton (D:4)
  4 giant newts
  10 kobolds
  2 rats
77 creatures vanquished.

Vanquished Creatures (collateral kills)
  3 gnolls (D:3)
  2 orcs (D:3)
  A giant cockroach (D:3)
6 creatures vanquished.

Grand Total: 83 creatures vanquished

Notes
Turn   | Place    | Note
--------------------------------------------------------------
     0 | Abyss:1  | Gargoyl the Demonspawn Abyssal Knight began the quest for the Orb.
     0 | Abyss:1  | Reached XP level 1. HP: 18/18 MP: 2/2
   120 | Abyss:4  | Noticed a sun demon
   144 | Abyss:4  | Noticed a large abomination
   145 | Abyss:4  | Noticed a smoke demon
   145 | D:1      | Escaped the Abyss
   374 | D:1      | Reached skill level 1 in Dodging
   559 | D:1      | Gained mutation: You are partially covered in sharp spines. [demonic ancestry]
   559 | D:1      | Reached XP level 2. HP: 20/24 MP: 3/3
   645 | D:1      | Reached * piety under Lugonu
  1005 | D:2      | Gained mutation: You are partially covered in slimy green scales (AC +2). [demonic ancestry]
  1005 | D:2      | Reached XP level 3. HP: 29/29 MP: 4/4
  1097 | D:2      | Gained mutation: A weak demonic guardian rushes to your aid. [demonic ancestry]
  1097 | D:2      | Reached XP level 4. HP: 26/37 MP: 6/6
  1222 | D:2      | Noticed Ijyb
  1228 | D:2      | Killed Ijyb
  1560 | D:3      | Found an iron altar of Okawaru.
  1560 | D:3      | Found a sacrificial altar of Ru.
  1560 | D:3      | Found a white marble altar of Elyvilon.
  1561 | D:3      | Found a glowing golden altar of the Shining One.
  1565 | D:3      | Found an oddly glowing altar of Pakellas.
  1565 | D:3      | Found a burning altar of Makhleb.
  1566 | D:3      | Found a sparkling altar of Nemelex Xobeh.
  1571 | D:3      | Reached ** piety under Lugonu
  1576 | D:3      | Reached XP level 5. HP: 38/42 MP: 7/7
  2086 | D:3      | Reached XP level 6. HP: 28/48 MP: 8/8
  2441 | D:3      | Reached skill level 1 in Stealth
  2785 | D:4      | Found a radiant altar of Vehumet.
  2889 | D:4      | Found a staircase to the Ecumenical Temple.
  3522 | D:5      | Entered Level 5 of the Dungeon
  3736 | D:5      | Noticed a troll
  3746 | D:5      | Slain by a troll

Skill      XL: |  1  2  3  4  5  6 |
---------------+-------------------+-----
Dodging        | 1 2 3 |  3.1
Armour         | 2 3 4 |  4.2
Axes           | 2 3 |  3.1
Fighting       | 4 |  4.5
Stealth        | 1 |  1.1
Invocations    | |  2.8

Action                   |  1- 3 |  4- 6 || total
-------------------------+-------+-------++-------
Melee: Hand axe          |    54 |    96 ||   150
Invok: Depart the Abyss  |     1 |       ||     1
  Use: Scroll            |       |    10 ||    10
 Stab: Sleeping          |     1 |       ||     1
  Eat: Chunk             |       |     5 ||     5
       Bread ration      |       |     1 ||     1
       Royal jelly       |       |     1 ||     1
Armor: Leather armour    |    23 |       ||    23
       Scale mail        |     2 |       ||     2
       Plate armour      |       |    70 ||    70
Dodge: Dodged            |    34 |    20 ||    54
